 Dungeon Crawl Stone Soup version 0.29.1-2-gbd0b4ee654 (webtiles) character file.

Game seed: 14904039202881907739

7 Fingal42 the Magician (level 2, -1/21 HPs)
             Began as a Djinni Hedge Wizard on Nov 1, 2022.
             Slain by a kobold
             ... wielding a +1 short sword of protection
              (2 damage)
             ... on level 1 of the Dungeon.
             The game lasted 00:04:19 (832 turns).

Fingal42 the Magician (Djinni Hedge Wizard)          Turns: 832, Time: 00:04:19

Health: -1/21      AC:  3    Str:  9    XL:     2   Next: 5%
Gold:   43         EV: 11    Int: 15    God:
                   SH:  0    Dex: 12

rFire   + + .      SeeInvis .   a - +0 dagger
rCold   x . .      Faith    .   (no shield)
rNeg    . . .      Spirit   .   g - +0 leather armour
rPois   ∞          Reflect  .   c - +0 hat
rElec   .          Harm     .   (no cloak)
rCorr   .          Rampage  .   (no gloves)
Will    .....                   (boots unavailable)
Stlth   ++........              (no amulet)
HPRegen 0.07/turn               (no ring)
MPRegen 0.00/turn               (no ring)

@: on blink cooldown, flying
A: sickness immunity, fire resistance 2, cold vulnerability 1, float, innate
caster, HP casting, extra vitality 1
a: no special abilities


You were on level 1 of the Dungeon.
You visited 1 branch of the dungeon, and saw 1 of its levels.

You collected 43 gold pieces.

Inventory:

Hand Weapons
 a - a +0 dagger (weapon)
Missiles
 f - 5 poisoned darts (quivered)
Armour
 b - a +0 robe
 c - a +0 hat (worn)
 g - a +0 leather armour (worn)
Scrolls
 e - a scroll of identify {unknown}
Potions
 h - a potion of ambrosia {unknown}


   Skills:
 + Level 2.4 Dodging
 + Level 1.8 Stealth
 + Level 2.5 Spellcasting


You couldn't memorise any spells.
You knew the following spells:

 Your Spells              Type           Power      Damage    Failure   Level
a - Magic Dart            Conj           36%        1d4       11%         1
b - Blink                 Tloc           18%        N/A       16%         2
c - Call Imp              Summ           9%         N/A       16%         2
d - Slow                  Hex            36%        N/A       11%         1
e - Conjure Flame         Conj/Fire      9%         6-21      30%         3
f - Mephitic Cloud        Conj/Pois/Air  9%         N/A       30%         3
Your spell library was empty.

Dungeon Overview and Level Annotations

Branches:
Dungeon (1/15)

Altars:


Innate Abilities, Weirdness & Mutations

You are immune to sickness and miasma.
You are immune to poison.
Your flesh is very heat resistant. (rF++)
You are vulnerable to cold. (rC-)
You float through the air rather than walking.
You learn spells naturally, not from books.
Your magical power is your life essence.
You have superior vitality. (+4 MHP)


Message History

Press: ? - help, Shift-Dir - straight line, f/p - endoplasm
Aim: an endoplasm (lightly wounded, 100% to hit)
The magic dart hits the endoplasm.
The endoplasm is heavily wounded.
The endoplasm freezes you.
You are frozen.
You feel a terrible chill!
* * * LOW HITPOINT WARNING * * *
The endoplasm closely misses you. The endoplasm attacks as you move away!
The endoplasm hits you but does no damage.
The endoplasm barely misses you.
Casting: Magic Dart (safe; 11% risk of failure)
Confirm with . or Enter, or press ? or * to list all spells.
You miscast Blink.
You are very lightly contaminated with residual magic.
Nothing appears to happen.
* * * LOW HITPOINT WARNING * * *
The endoplasm closely misses you.
Casting: Blink (safe; 16% risk of failure)
Confirm with . or Enter, or press ? or * to list all spells.
You blink.
* * * LOW HITPOINT WARNING * * *
A kobold comes into view.
It is wielding a +1 short sword of protection.
The kobold shouts!
You feel stable enough to blink again.
Casting: Blink (safe; 16% risk of failure)
Confirm with . or Enter, or press ? or * to list all spells.
You blink.
* * * LOW HITPOINT WARNING * * *
Your magical contamination has completely faded away.
An endoplasm comes into view.
The kobold attacks as you move away! The kobold barely misses you.
The endoplasm hits you but does no damage.
Casting: Blink (safe; 16% risk of failure)
Confirm with . or Enter, or press ? or * to list all spells.
You don't have enough health to cast this spell.
It was a potion of flight.
You feel more buoyant.
The kobold hits you with a +1 short sword of protection.
You die...

#.# ###.........####
##... #.# ##....#####
#... ###.# ##.#.##
#... ....# #....##
#### #..# ###÷#
#...... ...#####..#
#.#
##...#####.........#
#.# ##.##
#.......#..# #..
####J# #...........
#.# #..K@#
#.$####.#..# #.#
#.#### #..####.#..#
#># #.# #....## #>.#
#.# #.# #.##[# #...
#.# #.##.##.#..#
#J########.#...#.#...
#...J.|............##
############...######
##.## #


You could see an endoplasm and a kobold.

Vanquished Creatures
  A bat (D:1)
  A goblin (D:1)
  3 hobgoblins (D:1)
5 creatures vanquished.

Notes
Turn   | Place    | Note
-------+----------+-------------------------------------------
     0 | D:1      | Fingal42 the Djinni Hedge Wizard began the quest for the
                  | Orb.
     0 | D:1      | Fingal42 set off with the following spells memorised: Magic
                  | Dart, Blink, Call Imp, Slow, Conjure Flame, Mephitic Cloud.
     0 | D:1      | Reached XP level 1. HP: 15/15 MP: 0/0
   807 | D:1      | Reached XP level 2. HP: 15/21 MP: 0/0
   832 | D:1      | Slain by a kobold

Illustrated notes

Levels and vault maps discovered:
D:1:      nzn_arrival_depleted_hourglass, layout_loops_ring,
          kennysheep_minor_cross, serial_park_tiny_1

Action                   || total
-------------------------++-------
 Cast: Magic Dart        ||    17
       Blink             ||     2
  Use: Potion            ||     1
Armor: Leather armour    ||     2
Dodge: Dodged            ||     5
